 Dungeon Crawl Stone Soup version 0.30.0-20-g3615ddf2f0 (webtiles) character file.

Game seed: 17483212006048885438

416 qw the Chopper (level 6, 0/38 HPs)
             Began as a Gargoyle Fighter on June 1, 2023.
             Slain by a gnoll sergeant
             ... wielding a +0 trident
              (2 damage)
             ... on level 4 of the Dungeon.
             The game lasted 00:01:04 (2544 turns).

qw the Chopper (Gargoyle Fighter)                   Turns: 2544, Time: 00:01:04

Health: 0/38       AC: 13    Str: 21    XL:     6   Next: 92%
Magic:  6/6        EV:  8    Int:  7    God:
Gold:   239        SH:  4    Dex:  9    Spells: 5/5 levels left

rFire   + . .        Y - +0 war axe
rCold   . . .        c - +0 buckler
rNeg    + . .        k - +0 chain mail
rPois   inf          (no helmet)
rElec   +            (no cloak)
rCorr   .            (no gloves)
SInv    +            (no boots)
Will    .....        (no amulet) Stlth
                     h - ring of see invisible
HPRegen 0.26/turn    o - ring of protection from fire
MPRegen 0.10/turn

%: no passive effects
@: no status effects
A: sickness immunity, AC +4, negative energy resistance 1, electricity
resistance, torment resistance 1, petrification resistance, dopey 1, MP-powered
wands
a: no special abilities


You were on level 4 of the Dungeon.
You visited 1 branch of the dungeon, and saw 4 of its levels.

You collected 239 gold pieces.


Innate Abilities, Weirdness & Mutations

You are immune to sickness and miasma.
Your stone body is resilient. (AC +4)
You are immune to poison.
You resist negative energy. (rN+)
You are resistant to electric shocks. (rElec)
You are resistant to unholy torment.
You are immune to petrification.
You are dopey. (Int -2)
You expend magic power (3 MP) to strengthen your wands.


   Skills:
 - Level 4.0 Fighting
 - Level 6.1 Axes
 - Level 3.2 Armour
 + Level 0.5 Dodging
 - Level 3.2 Shields


You had 5 spell levels left.
You didn't know any spells.
Your spell library was empty.

Inventory:

Hand Weapons
 q - a +0 flail
 Y - a +0 war axe (weapon)
Missiles
 m - 7 boomerangs (quivered)
Armour
 c - a +0 buckler (worn)
 k - a +0 chain mail (worn)
Jewellery
 h - a ring of see invisible (left hand)
 o - a ring of protection from fire (right hand)
Scrolls
 s - a scroll of identify
Potions
 d - a potion of might
 e - a potion of cancellation
 f - a potion of mutation
 g - a potion of lignification
 i - a potion of attraction
 j - a potion of invisibility {unknown}
 l - a potion of ambrosia {unknown}
 n - a potion of heal wounds {unknown}
 r - a potion of brilliance {unknown}

Dungeon Overview and Level Annotations

Branches:
Dungeon (4/15)
 Temple: D:4-7

Altars:
Makhleb
Nemelex Xobeh
Qazlal
Yredelemnul


Message History

You slash the gnoll!
The gnoll is almost dead.
The gnoll hits you with a +0 flail of pain.
You hit the gnoll.
You kill the gnoll!
You closely miss the gnoll. The gnoll hits you but does no damage.
The gnoll barely misses you.
You hit the gnoll.
The gnoll is moderately wounded.
The gnoll hits you but does no damage. You block the gnoll's attack.
You closely miss the gnoll.
The gnoll is moderately wounded.
The gnoll hits you with a +0 whip.
A gnoll sergeant comes into view. It is wielding a +0 trident.
You block the gnoll's attack.
The gnoll sergeant shouts!
You hit the gnoll.
The gnoll is heavily wounded.
The gnoll hits you but does no damage.
The gnoll hits you from afar with a +0 halberd.
The gnoll hits you but does no damage. x2
You slash the gnoll!
You kill the gnoll!
The gnoll barely misses you.
2539 ||| Stepping ~*~*~tactically~*~*~ (hiding).
The gnoll hits you with a +0 halberd.
You barely miss the gnoll. You hit the gnoll.
The gnoll is lightly wounded.
You block the gnoll's attack.
You hit the gnoll.
The gnoll is severely wounded.
The gnoll barely misses you.
You hit the gnoll.
The gnoll is almost dead.
The gnoll hits you with a +0 halberd.
The gnoll sergeant hits you from afar with a +0 trident.
The gnoll hits you with a +0 halberd!
The gnoll sergeant hits you from afar with a +0 trident.
You die...

#######
#<..@g#
#####)#
g# g.
...
....
.!...
......


You could see a gnoll sergeant and 2 gnolls.

Vanquished Creatures
  Sigmund (D:3)
  A water moccasin (D:4)
  Natasha (D:3)
  Terence (D:3)
  2 gnolls (D:4)
  3 adders
  2 dart slugs
  8 orcs (D:3)
  2 ball pythons
  4 endoplasms
  5 goblins
  3 hobgoblins
  4 kobolds
  2 quokkas
  6 bats
  3 frilled lizards
  3 rats (D:3)
51 creatures vanquished.

Notes
Turn   | Place    | Note
-------+----------+-------------------------------------------
     0 | D:1      | qw the Gargoyle Fighter began the quest for the Orb.
     0 | D:1      | Reached XP level 1. HP: 14/14 MP: 1/1
     0 | D:1      | 0 ||| qw: Version: 0.2-a-102-gdf20003
     0 | D:1      | 0 ||| qw: Game counter: 683
     0 | D:1      | 0 ||| qw: Always use a shield: true
     0 | D:1      | 0 ||| qw: God list: Okawaru
     0 | D:1      | 0 ||| qw: Allow faded altars: false
     0 | D:1      | 0 ||| qw: Do Orc after D:15 true
     0 | D:1      | 0 ||| qw: Do second Lair branch before Depths: true
     0 | D:1      | 0 ||| qw: Lair rune preference: random
     0 | D:1      | 0 ||| qw: Plans: Normal, Zot:1-4, Slime:5, God:TSO, Crypt,
                  | Tomb, Pan, Hells, Abyss, Win
     0 | D:1      | 0 ||| PLANNING D:1-11
   105 | D:1      | 105 ||| Stepping ~*~*~tactically~*~*~ (hiding).
   106 | D:1      | 106 ||| Stepping ~*~*~tactically~*~*~ (hiding).
   112 | D:1      | Reached skill level 2 in Axes
   193 | D:1      | 193 ||| Stepping ~*~*~tactically~*~*~ (stealth).
   196 | D:1      | 196 ||| Stepping ~*~*~tactically~*~*~ (stealth).
   203 | D:1      | Reached XP level 2. HP: 19/19 MP: 2/2
   322 | D:1      | Found a faded altar of an unknown god.
   560 | D:1      | 560 ||| UPGRADING to ring of see invisible.
   561 | D:1      | 561 ||| READING scroll labelled JIOPIU YHU QISUM.
   562 | D:1      | 562 ||| READING scroll labelled APLYONIG LIDD.
   563 | D:1      | 563 ||| DRINKING 2 murky green potions.
   563 | D:1      | Gained mutation: You are dopey. (Int -2) [potion of
                  | mutation]
   563 | D:1      | Gained mutation: You expend magic power (3 MP) to
                  | strengthen your wands. [potion of mutation]
   602 | D:2      | 602 ||| Stepping ~*~*~tactically~*~*~ (hiding).
   608 | D:2      | 608 ||| STAIRDANCE
   676 | D:2      | Reached skill level 3 in Axes
   676 | D:2      | Reached XP level 3. HP: 21/23 MP: 3/3
   993 | D:2      | Found a sparkling altar of Nemelex Xobeh.
  1196 | D:2      | 1196 ||| READING scroll labelled XIMURR XATEOB.
  1212 | D:2      | 1212 ||| READING scroll labelled PIEKEK BYSEAGI.
  1213 | D:2      | 1213 ||| READING scroll labelled QIEBOAFOTZU.
  1214 | D:2      | 1214 ||| DRINKING 2 emerald potions.
  1215 | D:2      | 1215 ||| DROPPING potion of degeneration.
  1271 | D:3      | Reached XP level 4. HP: 25/28 MP: 4/4
  1281 | D:3      | Reached skill level 4 in Axes
  1333 | D:3      | Noticed Sigmund
  1334 | D:3      | 1334 ||| Stepping ~*~*~tactically~*~*~ (hiding).
  1346 | D:3      | Killed Sigmund
  1347 | D:3      | Reached skill level 5 in Axes
  1347 | D:3      | Reached XP level 5. HP: 16/32 MP: 5/5
  1347 | D:3      | Reached XP level 6. HP: 19/37 MP: 6/6
  1478 | D:3      | Found a stormy altar of Qazlal.
  1547 | D:3      | 1547 ||| DROPPING +0 whip.
  1667 | D:3      | Found a burning altar of Makhleb.
  1736 | D:3      | Noticed Natasha
  1740 | D:3      | Killed Natasha
  1902 | D:3      | Found a basalt altar of Yredelemnul.
  2172 | D:3      | Noticed Terence
  2173 | D:3      | 2173 ||| Stepping ~*~*~tactically~*~*~ (hiding).
  2187 | D:3      | Killed Terence
  2450 | D:3      | 2450 ||| UPGRADING to +0 chain mail.
  2460 | D:3      | 2460 ||| DROPPING +0 scale mail.
  2461 | D:3      | 2461 ||| UPGRADING to ring of protection from fire.
  2462 | D:3      | 2462 ||| READING scroll labelled VYS KACYOMUO.
  2463 | D:3      | 2463 ||| READING scroll labelled BIRECA IVULU.
  2464 | D:3      | 2464 ||| READING scroll labelled KUEFEFF MUXA.
  2469 | D:3      | 2469 ||| READING scroll labelled VURGHI EBLAWK.
  2470 | D:3      | 2470 ||| DRINKING 2 fuming red potions.
  2471 | D:3      | 2471 ||| READING 3 scrolls of identify.
  2471 | D:3      | 2471 ||| IDENTIFYING viscous white potion
  2472 | D:3      | 2472 ||| READING 2 scrolls of identify.
  2472 | D:3      | 2472 ||| IDENTIFYING fuming cyan potion
  2509 | D:4      | 2509 ||| PLANNING SEWER
  2511 | D:4      | Noticed a water moccasin
  2528 | D:4      | Killed a water moccasin
  2529 | D:4      | Reached skill level 6 in Axes
  2539 | D:4      | 2539 ||| Stepping ~*~*~tactically~*~*~ (hiding).
  2544 | D:4      | HP: 2/38 [gnoll/+0 halberd[a gnoll sergeant] (10)]
  2544 | D:4      | Slain by a gnoll sergeant

Levels and vault maps discovered:
D:1:      onia_arrival_pentagram, layout_basic, shapermc_ecumenical_altar_gd
D:2:      layout_loops_ring, basic_altar, dreamdust_wishing_well,
          ebering_dispersal_statue_hall, hex_large, grunt_decor_cap
D:3:      kennysheep_big_flooded_room, layout_loops_corners,
          nicolae_qazlal_general_emergency, lemuel_coloured_pillars_altar,
          general_overflow_altar, chequers_jeans, kennysheep_generic_room_6,
          uniq_natasha, uniq_sigmund, uniq_terence
D:4:      layout_basic, lightli_sewer_entry_pipes, gammafunk_ghost_arena,
          uniq_edmund

Skill      XL: |  1  2  3  4  5  6 |
---------------+-------------------+-----
Axes           | 2 3 5 6 |  6.1
Fighting       | 4 |  4.0
Armour         | |  3.2
Dodging        | |  0.5
Shields        | |  3.2

Action                     |  1- 3 |  4- 6 || total
---------------------------+-------+-------++-------
  Melee: War axe           |    66 |    92 ||   158
  Throw: Boomerang         |    11 |    13 ||    24
    Use: Scroll            |     5 |     6 ||    11
         Potion            |     2 |     1 ||     3
 Armour: Scale mail        |    35 |    29 ||    64
         Chain mail        |       |    17 ||    17
  Dodge: Dodged            |    39 |    37 ||    76
  Block: Buckler           |    15 |    20 ||    35

Table legend:
 A = Non-vault XP
 B = Vault XP
 C = Vault XP percentage of total XP
 D = Non-vault monster count
 E = Vault monster count
 F = Vault count percentage of total count
                 A         B        C        D         E       F
            +---------+---------+-------+---------+---------+-------
      Total |     284 |     311 |  52.3 |      44 |       7 |  13.7
            +---------+---------+-------+---------+---------+-------
        D:1 |      17 |       0 |   0.0 |       9 |       0 |   0.0
        D:2 |      48 |       0 |   0.0 |      15 |       0 |   0.0
        D:3 |      50 |     311 |  86.1 |      17 |       7 |  29.2
        D:4 |     169 |       0 |   0.0 |       3 |       0 |   0.0
            +---------+---------+-------+---------+---------+-------
